Map: Oxide LE

Players

DPGZest (Zest) - Winner!

  • Race: Protoss Protoss
  • League: Master
  • Spawn Location: 1:00

Zoun

  • Race: Protoss Protoss
  • League: Master
  • Spawn Location: 7:00

Event: StayAtHome Story Cup #3

VOD

Have the link to the VOD?

Description

Time

  • Played on: March 13, 2021, 7:25 a.m.
  • Length: 9:25

All games in this series

Show
View Real Time Build Order
Export as new Build Order

DPGZest Protoss - Winner!

Build Orders: Phoenix Opening, Zealot Archon, Dark Templar Rush 

Get SALT Encoding   

  12  0:00  Probe  
  13  0:12  Probe  
  14  0:17  Pylon  
  14  0:24  Probe (Chrono Boost)  
  15  0:36  Probe (Chrono Boost)  
  15  0:39  Gateway  
  16  0:45  Probe (Chrono Boost)  
  16  0:48  Assimilator  
  17  0:51  Probe  
  18  0:58  Assimilator  
  18  1:03  Probe (Chrono Boost)  
  19  1:06  Pylon  
  19  1:13  Probe (Chrono Boost)  
  19  1:18  Probe (Chrono Boost)  
  21  1:26  Cybernetics Core  
  21  1:29  Probe  
  22  1:33  Zealot  
  24  1:41  Probe  
  25  1:53  Probe  
  26  2:01  Stalker (Chrono Boost)  
  26  2:03  Warp Gate  
  28  2:20  Stargate  
  28  2:24  Stalker  
  30  2:41  Nexus  
  29  2:52  Pylon  
  29  3:03  Phoenix (Chrono Boost)  
  31  3:06  Twilight Council  
  31  3:10  Probe  
  32  3:26  Phoenix (Chrono Boost)  
  32  3:30  Shield Battery  
  34  3:40  Shield Battery  
  36  3:51  Dark Shrine  
  36  3:53  Probe  
  36  3:55  Pylon  
  35  4:00  Probe  
  36  4:06  Phoenix (Chrono Boost)  
  36  4:07  Probe  
  39  4:12  Probe  
  40  4:18  Gateway  
  40  4:21  Probe  
  40  4:22  Probe  
  41  4:28  Phoenix (Chrono Boost)  
  41  4:29  Probe  
  44  4:34  Probe  
  46  4:38  Probe, Pylon  
  47  4:46  Probe  
  47  4:51  Probe  
  51  4:58  Probe  
  52  5:03  Probe  
  52  5:05  Gateway  
  51  5:10  Probe  
  51  5:11  Dark Templar  
  51  5:12  Dark Templar  
  56  5:15  Probe  
  57  5:22  Probe  
  57  5:23  Pylon  
  57  5:24  Assimilator  
  57  5:25  Shield Battery  
  57  5:27  Probe, Assimilator  
  59  5:33  Blink (Chrono Boost)  
  59  5:38  Probe  
  59  5:41  Gateway  
  58  5:43  Gateway  
  58  5:48  Probe  
  58  5:49  Stalker  
  61  5:50  Probe  
  62  6:10  Stalker  
  64  6:14  Gateway x2  
  64  6:16  Stalker  
  66  6:21  Probe x2  
  66  6:32  Pylon  
  66  6:34  Dark Templar  
  66  6:35  Dark Templar x2  
  66  6:38  Archon  
  66  6:39  Archon  
  72  6:42  Stalker x2  
  72  6:44  Pylon  
  72  6:46  Pylon  
  76  6:48  Pylon  
  76  7:06  Charge (Chrono Boost)  
  76  7:07  Nexus  
  76  7:10  Pylon  
  76  7:21  Robotics Facility  
  76  7:25  Stalker x2  
  76  7:26  Stalker x2  
  84  7:34  Stalker x2  
  88  7:45  Pylon  
  88  7:56  Stalker x5  
  95  8:14  Stalker x2  
  93  8:20  Stalker x3  
  84  8:33  Stalker  
  84  8:34  Stalker  
Show
View Real Time Build Order
Export as new Build Order

Zoun Protoss 

Build Orders: Zealot Archon, Proxy Void Ray 

Get SALT Encoding   

  12  0:00  Probe  
  13  0:12  Probe  
  14  0:17  Pylon  
  14  0:24  Probe (Chrono Boost)  
  15  0:36  Probe (Chrono Boost)  
  15  0:39  Gateway  
  16  0:44  Probe (Chrono Boost)  
  16  0:47  Assimilator  
  17  0:51  Probe  
  17  0:56  Assimilator  
  18  1:03  Probe (Chrono Boost)  
  19  1:13  Probe (Chrono Boost)  
  19  1:17  Probe (Chrono Boost), Pylon  
  21  1:26  Cybernetics Core  
  21  1:29  Probe  
  22  1:35  Zealot  
  24  1:41  Probe  
  25  1:53  Probe  
  26  2:02  Stalker (Chrono Boost), Warp Gate  
  26  2:07  Probe  
  26  2:08  Pylon  
  29  2:20  Probe  
  30  2:24  Stargate  
  30  2:30  Stalker  
  30  2:32  Probe  
  33  2:45  Probe  
  34  2:55  Nexus  
  34  3:00  Void Ray (Chrono Boost)  
  34  3:05  Probe  
  39  3:16  Pylon  
  39  3:25  Shield Battery  
  39  3:30  Void Ray (Chrono Boost)  
  39  3:34  Probe  
  44  3:46  Probe  
  45  3:54  Robotics Facility  
  45  3:57  Shield Battery  
  45  3:58  Probe  
  46  4:08  Gateway  
  46  4:11  Probe (Chrono Boost)  
  46  4:15  Probe (Chrono Boost)  
  48  4:19  Sentry  
  48  4:20  Probe (Chrono Boost)  
  48  4:21  Void Ray (Chrono Boost)  
  48  4:24  Probe (Chrono Boost)  
  52  4:25  Probe (Chrono Boost)  
  57  4:34  Probe  
  57  4:35  Assimilator  
  57  4:37  Probe  
  59  4:43  Pylon  
  59  4:44  Observer  
  60  4:46  Probe  
  60  4:49  Probe  
  60  4:50  Pylon  
  62  4:55  Assimilator  
  62  5:01  Probe x2  
  62  5:03  Twilight Council  
  62  5:04  Forge  
  64  5:13  Probe x2  
  62  5:25  Probe  
  63  5:29  Stalker x2  
  66  5:36  Probe, Phoenix  
  66  5:37  Probe  
  66  5:41  Blink  
  68  5:48  Probe  
  70  5:50  Probe  
  69  5:57  Protoss Ground Weapons Level 1 (Chrono Boost)  
  69  5:58  Nexus  
  69  6:00  Probe, Pylon  
  69  6:02  Probe  
  71  6:09  Gateway  
  71  6:10  Gateway  
  70  6:12  Probe  
  70  6:16  Immortal (Chrono Boost)  
  75  6:21  Probe  
  75  6:24  Probe  
  75  6:33  Probe  
  75  6:36  Probe  
  75  6:37  Gateway  
  75  6:39  Gateway  
  77  6:46  Probe  
  78  6:49  Templar Archives  
  78  6:51  Warp Prism (Chrono Boost)  
  81  6:57  Pylon  
  81  6:58  Pylon  
  81  7:03  Pylon  
  81  7:08  Gateway  
  80  7:09  Gateway  
  78  7:17  Probe x2  
  79  7:24  Stalker x3  
  79  7:25  Stalker  
  87  7:34  Observer  
  88  7:39  High Templar x2  
  88  7:42  Charge  
  88  7:43  Archon  
  92  7:44  Nexus  
  92  7:46  Pylon  
  92  7:48  Stalker x2  
  94  7:59  Stalker x3  
Tags
 
Add a new tag
Caveats
  • Supply blocks, unpowered buildings, or Contaminate may cause inaccurate times.
  • Supply counts are checked every 10 seconds.